 Dungeon Crawl Stone Soup version 0.28-a0-983-g1de4e0787c (webtiles) character file.

Game seed: 11805103713849380613

200 cheechan the Chiller (level 5, -1/32 HPs)
             Began as an Octopode Ice Elementalist on Dec 2, 2021.
             Succumbed to a water moccasin's poison
             ... on level 3 of the Dungeon.
             The game lasted 00:09:08 (1903 turns).

cheechan the Chiller (Octopode Ice Elementalist)    Turns: 1903, Time: 00:09:08

Health: -1/32      AC:  3    Str:  7    XL:     5   Next: 79%
Magic:  1/10       EV: 13    Int: 19    God:
Gold:   116        SH:  0    Dex: 13    Spells: 6/10 levels left

rFire   . . .      SeeInvis .   d - +1 dagger (flame)
rCold   . . .      Faith    .   (no shield)
rNeg    . . .      Spirit   .   e - +2 hat
rPois   .          Reflect  .   (no amulet)
rElec   .          Harm     .   (no ring)
rCorr   .          Rampage  .   (no ring)
Will    .....                   (no ring)
Stlth   +++.......              (no ring)
HPRegen 0.10/turn               (no ring)
MPRegen 0.12/turn               (no ring)
                                (no ring)
                                (no ring)

@: lethally poisoned (-1 -> -12), freezing walls, flying
A: almost no armour, amphibious, 8 rings, camouflage 1, gelatinous body 1,
(nimble swimmer 1), tentacles
a: no special abilities


You were on level 3 of the Dungeon.
You visited 1 branch of the dungeon, and saw 3 of its levels.

You collected 116 gold pieces.

Inventory:

Hand Weapons
 d - a +1 dagger of flaming (weapon)
Missiles
 c - 26 bolts
Armour
 e - a +2 hat (worn)
Scrolls
 a - a scroll of amnesia
Potions
 f - a potion of attraction {unknown}


   Skills:
 + Level 0.5 Fighting
 + Level 0.1(0.3) Short Blades
 + Level 0.4 Long Blades
 + Level 2.3 Dodging
 + Level 3.3 Stealth
 + Level 3.4 Spellcasting
 + Level 5.5 Ice Magic


You had 6 spell levels left.
You knew the following spells:

 Your Spells              Type           Power      Damage    Failure   Level
a - Freeze                Ice            96%        1d11      1%          1
b - Frozen Ramparts       Ice            48%        1d6       4%          3

Your spell library contained the following spells:

 Spells                   Type           Power      Damage    Failure   Level
 Ozocubu's Armour         Ice            24%        N/A       4%          3
 Hailstorm                Conj/Ice       13%        3d5       43%         4


Dungeon Overview and Level Annotations

Branches:
Dungeon (3/15)

Altars:

Annotations:
D:3 1 transporter


Innate Abilities, Weirdness & Mutations

You cannot wear most types of armour.
You are amphibious.
You can wear up to eight rings at the same time.
Your skin changes colour to match your surroundings (Stealth+).
Your rubbery body absorbs attacks. (AC +1, EV +1)
((You are camouflaged near water. (Stealth+)))
You have tentacles for arms and can constrict up to eight enemies at once.


Message History

Press: ? - help, Shift-Dir - straight line, f/p - water moccasin
Aim: a water moccasin (severely wounded, slow)
You freeze the water moccasin.
The water moccasin is severely wounded.
The water moccasin seems to slow down.
You feel very sick.
The water moccasin bites you but does no damage.
Casting: Freeze (safe; 1% risk of failure)
Confirm with . or Enter, or press ? or * to list all spells.
The spell is quite dangerous to miscast (6% risk of failure)!
Continue anyway?
Casting: Frozen Ramparts (quite dangerous; 6% risk of failure)
Press: ? - help, Dir - look around, f - activate The walls around you are covered in ice.
You feel very sick.
The wall freezes the ball python.
You kill the ball python!
The wall freezes the water moccasin.
The water moccasin seems to slow down.
The water moccasin bites you.
* * * LOW HITPOINT WARNING * * *
You are more poisoned.
The water moccasin poisons you!
You hit the water moccasin. You burn the water moccasin.
Your grab misses the water moccasin.
The water moccasin is almost dead.
* * * LOW HITPOINT WARNING * * *
You feel very sick.
The wall freezes the water moccasin.
The water moccasin seems to slow down.
The water moccasin bites you but does no damage.
You barely miss the water moccasin. You grab the water moccasin.
You squeeze the water moccasin.
You kill the water moccasin!
* * * LOW HITPOINT WARNING * * *
You feel very sick.
Your Spellcasting skill increases to level 3!
You have reached level 5!
You feel agile.
It was a potion of flight.
You feel very buoyant.
You fly up into the air.
You die...

# .. ... .... .....
......###### .....†.@.#..
########.#.# # #.#.##.#
#### ######.#....# ..#
#........#####.# # #.#
##.####.........# .
#.##.####...###.........#
.
#.................#####.##
.
####.####...####..>.......


There were no monsters in sight!

Vanquished Creatures
  A water moccasin (D:3)
  2 adders (D:2)
  3 dart slugs
  6 bats
  4 endoplasms
  5 giant cockroaches
  7 goblins
  3 hobgoblins
  7 jackals
  2 quokkas
  9 ball pythons
  2 frilled lizards
  5 kobolds
  5 rats (D:1)
61 creatures vanquished.

Notes
Turn   | Place    | Note
-------+----------+-------------------------------------------
     0 | D:1      | cheechan the Octopode Ice Elementalist began the quest for
                  | the Orb.
     0 | D:1      | Reached XP level 1. HP: 11/11 MP: 3/3
   135 | D:1      | Found a faded altar of an unknown god.
   139 | D:1      | Reached XP level 2. HP: 12/17 MP: 1/5
   518 | D:1      | Reached XP level 3. HP: 10/21 MP: 0/6
  1264 | D:2      | Reached XP level 4. HP: 23/27 MP: 3/7
  1315 | D:2      | Learned a level 3 spell: Frozen Ramparts
  1366 | D:2      | Reached skill level 5 in Ice Magic
  1782 | D:3      | Found a transporter.
  1891 | D:3      | Noticed a water moccasin
  1902 | D:3      | Killed a water moccasin
  1903 | D:3      | Reached XP level 5. HP: 2/32 MP: 0/10
  1903 | D:3      | Succumbed to a water moccasin's poison

Illustrated notes

Levels and vault maps discovered:
D:1:      dpeg_arrival_more_subterranean_lakeside_camping, layout_loops_cross,
          ebering_ecumenical_altar_ruins, minmay_tromino_v4_a
D:2:      layout_basic, nicolae_elevator_lobby_plus
D:3:      layout_loops_cross, lemuel_zombie_altar_yredelemnul,
          gammafunk_ghost_mausoleum

Skill      XL: |  1  2  3  4 |
---------------+-------------+-----
Stealth        | 3 |  3.3
Ice Magic      | 5 |  5.5
Spellcasting   | 3 |  3.4
Fighting       | |  0.5
Short Blades   | |  0.1
Long Blades    | |  0.4
Dodging        | |  2.3

Action                   |  1- 3 |  4- 6 || total
-------------------------+-------+-------++-------
Melee: Falchion          |     6 |       ||     6
       Constrict         |     9 |     4 ||    13
       Tentacles         |     5 |     1 ||     6
       Dagger            |    23 |    11 ||    34
 Cast: Freeze            |    47 |    29 ||    76
       Frozen Ramparts   |       |     1 ||     1
  Use: Scroll            |     2 |       ||     2
       Potion            |     1 |     1 ||     2
 Stab: Sleeping          |     1 |     1 ||     2
Armor: Skin              |     4 |     7 ||    11
Dodge: Dodged            |    53 |    17 ||    70

Table legend: (Time is in decaauts)
 A = Elapsed time spent in this place.
 B = Non-inter-level travel time spent in this place.
 C = Inter-level travel time spent in this place.
 D = Time resting spent in this place.
 E = Time spent auto-exploring this place.
 F = Levels seen in this place.
 G = Mean time per level.
                   A        B        C        D        E       F      G
               +--------+--------+--------+--------+--------+-----+--------+
         Total |   1883 |   1883 |      0 |    236 |      0 |   3 |  627.7 |
       Dungeon |   1883 |   1883 |      0 |    236 |      0 |   3 |  627.7 |
               +--------+--------+--------+--------+--------+-----+--------+

Top non-repeatable levels by time:
     D:1: 1177 daAuts
     D:2: 585 daAuts
     D:3: 120 daAuts
